 Dungeon Crawl Stone Soup version 0.14-a0-1844-g8283a67 (webtiles) character file.

211 PolkaDot the Vexing (level 4, -3/32 HPs)
             Began as a Vampire Arcane Marksman on Jan 11, 2014.
             Slain by a green rat (6 damage)
             ... on Level 2 of the Dungeon.
             The game lasted 00:11:49 (2096 turns).

PolkaDot the Vexing (Vampire Arcane Marksman)       Turns: 2096, Time: 00:11:50

HP  -3/32        AC  2     Str 13      XL: 4   Next: 58%
MP   1/5         EV 12     Int 15      God:
Gold 103         SH  0     Dex 14      Spells:  2 memorised,  2 levels left

rFire  . . .     SeeInvis +     b - -2 orc dagger
rCold  . . .     Clarity  .     n - +0 robe
rNeg   . . .     Conserve .     (no shield)
rPois  .         rCorr    .     (no helmet)
rElec  .         rRot     .     (no cloak)
SustAb . .       Spirit   .     (no gloves)
rMut   .         Warding  .     (no boots)
Saprov . . .     Stasis   .     (no amulet)
                                (no ring)
                                h - cursed +3 ring of strength

@: regenerating quickly, slightly resistant to hostile enchantments, unstealthy
A: fangs 3, see invisible, unbreathing
a: no special abilities


You were on level 2 of the Dungeon.
You were full.

You visited 1 branch of the dungeon, and saw 2 of its levels.

You collected 103 gold pieces.

Inventory:

Hand weapons
 a - a +0,+0 bow
 b - a -2,-2 orcish dagger (weapon)
Missiles
 c - 55 arrows
Armour
 n - a +0 robe (worn)
Scrolls
 l - a scroll of identify
Jewellery
 h - a cursed +3 ring of strength (left hand)
Books
 d - a book of Debilitation

   Spells                             Type                      Level
   *Corona                            Hexes                        1
   *Slow                              Hexes                        2
   Inner Flame                        Hexes/Fire                   3
   Enslavement                        Hexes                        4
   Cause Fear                         Hexes                        4
   Leda's Liquefaction                Hexes/Earth                  4


   Skills:
 - Level 1.0 Fighting
 * Level 3.2 Bows
 - Level 2.1 Dodging
 - Level 1.0 Spellcasting
 + Level 6.0 Hexes


You had 2 spell levels left.
You knew the following spells:

 Your Spells              Type           Power        Failure   Level  Hunger
a - Corona                Hex            ###....      1%          1    ##.....
s - Slow                  Hex            ###.....     3%          2    ###....


Dungeon Overview and Level Annotations

Branches:
Dungeon (2/16)

Altars:
Cheibriados
Elyvilon
Nemelex Xobeh
Sif Muna
Trog


Innate Abilities, Weirdness & Mutations

Your natural rate of healing is unusually fast.
You have razor-sharp teeth.*
You have supernaturally acute eyesight.
You can survive without breathing.*


Message History

The green rat misses you.
You barely miss the green rat.
The green rat is severely wounded.
The green rat bites you!
* * * LOW HITPOINT WARNING * * *
You barely miss the green rat.
The green rat is severely wounded.
You hit the green rat but do no damage.
The green rat is severely wounded.
The green rat is no longer moving slowly.
The green rat misses you.
Casting: Corona
Confirm with . or Enter, or press ? or * to list all spells.
Aiming: Slow
Press: ? - help, Shift-Dir - straight line, f/p - green rat
Aim: a green rat (severely wounded, softly glowing)
The green rat seems to slow down.
* * * LOW MAGIC WARNING * * *
The green rat bites you.
You die...

.......#.P♣♣.♣ 8
.........♣P.♣P...
.......P♣♣♣♣♣♣..♣♣♣♣ #
.......♣§♣..P♣P..♣.P. #
######§♣.§.....♣P..P.♣ #
#§.≈♣♣.♣..PPP♣.♣
#.§P♣♣..♣♣.P♣P. .♣
##.P♣♣♣(..♣.♣♣♣P♣
#...♣P@(♣.P.♣...# #####
#..♣.r(..♣.♣....# ....#
#..♣♣♣#.♣♣.♣♣♣.....
....#######....#'#.......♣♣.
.............♣##%##.P♣♣♣♣..P.
....########♣♣#.[.#.♣........#
....# #♣♣##.##♣..♣♣.♣♣♣..
....# #♣♣P#'#♣.♣♣.♣§P....
....# #♣.P.#♣.♣♣..§≈♣.♣..#


You could see a green rat.

Vanquished Creatures
  2 gnolls (D:2)
  3 adders (D:2)
  2 green rats (D:2)
  2 oozes
  An orc (D:1)
  3 goblins
  5 hobgoblins
  4 jackals (D:1)
  A quokka (D:2)
  A ball python (D:1)
  8 bats
  2 giant cockroaches
  3 giant newts
  2 kobolds (D:1)
  8 rats
47 creatures vanquished.

Notes
Turn   | Place    | Note
--------------------------------------------------------------
     0 | D:1      | PolkaDot, the Vampire Arcane Marksman, began the quest for the Orb.
     0 | D:1      | Reached XP level 1. HP: 14/14 MP: 2/2
    32 | D:1      | Reached skill level 1 in Fighting
   286 | D:1      | Reached XP level 2. HP: 5/21 MP: 1/3
   467 | D:1      | Reached skill level 5 in Hexes
   940 | D:1      | Learned a level 2 spell: Slow
  1100 | D:2      | Reached XP level 3. HP: 12/26 MP: 0/4
  1596 | D:2      | Reached XP level 4. HP: 23/32 MP: 1/5
  1621 | D:2      | Found a deep blue altar of Sif Muna.
  1625 | D:2      | Found a sparkling altar of Nemelex Xobeh.
  1625 | D:2      | Found a snail-covered altar of Cheibriados.
  1633 | D:2      | Found a bloodstained altar of Trog.
  1638 | D:2      | Found a white marble altar of Elyvilon.
  1996 | D:2      | Reached skill level 6 in Hexes
  2096 | D:2      | Slain by a green rat

Action                   |  1- 3 |  4- 6 || total
-------------------------+-------+-------++-------
Melee: Unarmed           |   166 |       ||   166
       Club              |     5 |       ||     5
       Dagger            |    25 |   142 ||   167
       Bow               |       |     5 ||     5
 Fire: Bow               |    24 |    13 ||    37
 Cast: Corona            |    20 |     5 ||    25
       Slow              |     5 |     8 ||    13
  Use: Potion            |     1 |     1 ||     2
       Scroll            |     6 |       ||     6
 Stab: Sleeping          |     1 |       ||     1
